 Dungeon Crawl Stone Soup version 0.23.0 (webtiles) character file.

Game seed: 15556664115395811108

70 Marnok the Skirmisher (level 4, -2/49 HPs)
             Began as an Ogre Fighter on Feb 13, 2019.
             Killed by divine providence
             ... invoked by an orc priest
              (15 damage)
             ... on level 2 of the Dungeon.
             The game lasted 00:05:12 (1011 turns).

Marnok the Skirmisher (Ogre Fighter)                Turns: 1011, Time: 00:05:12

Health: -2/49      AC:  5    Str: 26    XL:     4   Next: 22%
Magic:  4/4        EV:  8    Int:  9    God:
Gold:   75         SH:  9    Dex:  8    Spells: 3/3 levels left

rFire    . . .     SeeInvis .   a - +0 war axe
rCold    . . .     Gourm    .   c - +0 shield
rNeg     . . .     Faith    .   b - +0 robe
rPois    +         Spirit   .   (helmet restricted)
rElec    .         Reflect  .   t - +1 cloak {rPois}
rCorr    .         Harm     .   (gloves unavailable)
MR       .....                  (boots unavailable)
Stlth    +.........             (no amulet)
HPRegen  0.16/turn              (no ring)
MPRegen  0.09/turn              (no ring)

@: mighty, lightly drained
A: large, unfitting armour, tough skin 1
a: no special abilities


You were on level 2 of the Dungeon.
You were hungry.

You visited 1 branch of the dungeon, and saw 2 of its levels.

You collected 75 gold pieces.

Inventory:

Hand Weapons
 a - a +0 war axe (weapon)
 s - a +3 quarterstaff of chaos
Armour
 b - a +0 robe (worn)
 c - a +0 shield (worn)
 t - a +1 cloak of poison resistance (worn)
Scrolls
 e - 2 scrolls of enchant armour {unknown}
 g - a scroll of noise {unknown}
 h - 3 scrolls of identify {unknown}
 i - a scroll of fear {unknown}
 m - a scroll of blinking {unknown}
 n - a scroll of teleportation {unknown}
 o - a scroll of immolation {unknown}
Potions
 j - a potion of flight {unknown}
 k - 2 potions of degeneration {unknown}
 l - a potion of curing {unknown}
 q - a potion of haste {unknown}
 r - a potion of ambrosia {unknown}
Comestibles
 f - 3 rations


   Skills:
 + Level 4.6(4.5) Fighting
 + Level 2.8 Axes
 + Level 3.3 Dodging
 + Level 3.1 Shields


You had 3 spell levels left.
You didn't know any spells.
Your spell library was empty.

Dungeon Overview and Level Annotations

Branches:
Dungeon (2/15)

Altars:


Innate Abilities, Weirdness & Mutations

You are too large for most types of armour.
You have tough skin. (AC +1)


Message History

You closely miss something.
You hear some strange, mumbled words.
A puff of flame appears from out of thin air!
The puff of flame misses you. Something hits you but does no damage.
You are feeling hungry.
You miss something. You block something's attack.
The orc priest invokes the aid of Beogh against you.
Something writhes in agony.
The orc priest mumbles some strange prayers to Beogh against you.
Beogh smites you!
You miss something. Something hits you but does no damage. Something hits you.
You miss something. Something hits you but does no damage.
Something hits you. x2
You feel very mighty all of a sudden. You block something's attack.
You miss something. Something hits you.
* * * LOW HITPOINT WARNING * * *
You block something's attack.
The orc priest mumbles some strange prayers to Beogh against you.
Beogh smites you!
You die...

#.## ###.# #.# #.# #
#.# #.# #.# ...# #.#
.....
######.###########o..#
................@{oo#
####.################
#.# # ### # ###♣♣♣♣♣
##...♣.♣♣♣#####
......♣..♣#...#
.....♣♣♣♣.÷...#


You could see an orc priest and 2 orcs.

Vanquished Creatures
  Crazy Yiuf (D:2)
  2 adders (D:2)
  3 bats (D:1)
  A goblin (D:2)
  5 hobgoblins
  4 jackals (D:1)
  A frilled lizard (D:1)
  3 kobolds (D:1)
  4 rats (D:1)
24 creatures vanquished.

Notes
Turn   | Place    | Note
-------+----------+-------------------------------------------
     0 | D:1      | Marnok the Ogre Fighter began the quest for the Orb.
     0 | D:1      | Reached XP level 1. HP: 24/24 MP: 1/1
   257 | D:1      | Reached XP level 2. HP: 30/32 MP: 2/2
   680 | D:2      | Reached XP level 3. HP: 39/40 MP: 3/3
   768 | D:2      | Found a runed translucent door.
   769 | D:2      | Noticed Crazy Yiuf
   782 | D:2      | Killed Crazy Yiuf
   782 | D:2      | Reached XP level 4. HP: 37/49 MP: 4/4
  1011 | D:2      | Killed from afar by an orc priest

Skill      XL: |  1  2  3 |
---------------+----------+-----
Dodging        | 3 |  3.3
Shields        | 3 |  3.1
Fighting       | |  4.6
Axes           | |  2.8

Action                   |  1- 3 |  4- 6 || total
-------------------------+-------+-------++-------
Melee: War axe           |    64 |    16 ||    80
  Use: Potion            |       |     1 ||     1
Armor: Robe              |    31 |     6 ||    37
Dodge: Dodged            |    28 |     2 ||    30
Block: Shield            |    33 |     6 ||    39
